 Dungeon Crawl Stone Soup version 0.30-a0-737-gf23d94013f (webtiles) character file.

Game seed: 8629428058146020869

260 Zenkrye the Vexing (level 6, -1/44 HPs)
             Began as a Barachi Hexslinger on Feb 2, 2023.
             Slain by a hound (6 damage)
             ... on level 4 of the Dungeon.
             The game lasted 00:13:51 (3396 turns).

Zenkrye the Vexing (Barachi Hexslinger)             Turns: 3396, Time: 00:13:52

Health: -1/44      AC: -2    Str: 14    XL:     6   Next: 17%
Magic:  10/10      EV:  9    Int: 13    God:
Gold:   229        SH:  0    Dex: 12    Spells: 10/11 levels left

rFire   + + .      SeeInvis .    n - +1 war axe (elec)
rCold   x . .      Faith    .    (no shield)
rNeg    . . .      Spirit   .    e - +1 fire dragon scales
rPois   .          Reflect  .    (no helmet)
rElec   .          Harm     .    (no cloak)
rCorr   .          Rampage  .    l - +0 pair of gloves
Will    .....                    (no boots) Stlth
                                 (no amulet)
HPRegen 0.27/turn                (no ring)
MPRegen 0.12/turn                (no ring)

@: corroded, unable to hop, slow
A: amphibious, slowness 1, strong legs 1, +LOS
a: Hop


You were on level 4 of the Dungeon.
You visited 2 branches of the dungeon, and saw 6 of its levels.

You collected 229 gold pieces.

Inventory:

Hand Weapons
 a - a +2 sling
 n - a +1 war axe of electrocution (weapon)
Missiles
 o - 2 silver javelins
 r - 2 throwing nets {!f}
Armour
 c - a +0 robe
 e - +1 fire dragon scales (worn)
 l - a +0 pair of gloves (worn)
Magical Staves
 j - a staff of earth
Scrolls
 b - a scroll of poison
 h - 2 scrolls of fear
 m - a scroll of vulnerability
 s - a scroll of immolation {unknown}
 t - a scroll of teleportation {unknown}
Potions
 d - a potion of brilliance {unknown}
 f - a potion of ambrosia
 g - 3 potions of mutation {unknown}
 i - 2 potions of degeneration {unknown}
 k - a potion of curing {unknown}
 p - a potion of might {unknown}
 q - a potion of magic {unknown}
 u - a potion of flight {unknown}


   Skills:
 + Level 2.2 Fighting
 + Level 1.3 Axes
 - Level 2.6 Ranged Weapons
 + Level 2.7 Dodging
 - Level 3.0 Spellcasting
 + Level 5.5 Hexes


You had 10 spell levels left.
You knew the following spells:

 Your Spells              Type           Power      Damage    Failure   Level
a - Slow                  Hex            64%        N/A       14%         1

Your spell library contained the following spells:

 Spells                   Type           Power      Damage    Failure   Level
 Summon Small Mammal      Summ           4%         N/A       80%         1
 Inner Flame              Hex/Fire       9%         N/A       80%         3
 Portal Projectile        Hex/Tloc       18%        N/A       80%         3
 Summon Guardian Golem    Hex/Summ       9%         N/A       80%         3
 Cause Fear               Hex            8%         N/A       82%         4
 Scorch                   Fire           2%         2d5       91%         2
 Call Canine Familiar     Summ           1%         N/A       99%         3
 Flame Wave               Conj/Fire      1%         2d4       100%        4
 Summon Cactus Giant      Summ           0%         N/A       100%        6


Dungeon Overview and Level Annotations

Branches:
Dungeon (5/15)             Temple (1/1) D:4

Altars:
Ashenzari
Fedhas
Gozag
Hepliaklqana
Nemelex Xobeh
Okawaru
Qazlal
Ru
Sif Muna
Trog
Vehumet
Xom
Yredelemnul
Zin
The Shining One

Annotations:
D:4 Grinder, Sigmund


Innate Abilities, Weirdness & Mutations

You are amphibious.
You cover ground slowly.
You can hop short distances.
You have an extended range of vision and can be seen from far away.


Message History

There is a stone staircase leading up here.
The hound closely misses you. The jelly misses you.
You climb upwards.
Level annotation: Grinder, Sigmund
There is a stone staircase leading down here.
You hear the crackle of electricity.
n - a +1 war axe of electrocution (weapon)
The hound barely misses you.
You hit the hound.
The hound is lightly wounded.
You completely miss the jelly. The hound bites you. The jelly hits you.
The acid corrodes you!
You are splashed with acid!
The hound closely misses you. The jelly hits you but does no damage.
You closely miss the hound.
The hound is lightly wounded.
You hit the jelly. The acid corrodes you!
Your hands burn!
The hound closely misses you. The jelly barely misses you.
The hound bites you but does no damage.
You slash the jelly! The acid corrodes you!
Your hands burn!
The jelly is severely wounded.
You hit the hound. The hound barely misses you. The jelly hits you.
You are splashed with acid!
The hound barely misses you. The jelly closely misses you.
You hit the jelly but do no damage. The acid corrodes you!
Your hands burn!
The jelly is severely wounded.
You hit the hound. The hound closely misses you. x2
The jelly barely misses you.
You completely miss the jelly.
The jelly is severely wounded.
You barely miss the hound. The hound barely misses you.
The jelly hits you but does no damage. The hound barely misses you.
The jelly hits you. The acid corrodes you!
You are splashed with acid!
* * * LOW HITPOINT WARNING * * *
Okay, then.
You hit the jelly but do no damage. Lightning courses through the jelly!
You kill the jelly!
You barely miss the hound. The hound bites you.
* * * LOW HITPOINT WARNING * * *
The hound bites you.
You die...

#########.##.#...###.##
#...................<†.
#.......$....#.#.......
#...........#.#.#......
#........?.#.#.#.#.....
#...........#.>.#.K<...
######.....#.#.#.#.....
#.h....#.#.#..####
#@......#.#...#
#####.........)..
###...##......
#...##......
######....?. #......
#......


You could see a hound.

Vanquished Creatures
  2 hounds (D:4)
  A jelly (D:4)
  An iguana (D:4)
  An orc wizard (D:3)
  5 adders
  2 adder skeletons (D:2)
  A worm (D:3)
  3 dart slugs
  9 orcs
  6 ball pythons
  A bat zombie (D:2)
  4 endoplasms
  4 giant cockroaches
  5 goblins
  9 hobgoblins
  A jackal (D:5)
  8 kobolds
  2 ball python skeletons (D:2)
  A ball python zombie (D:2)
  2 bats (D:3)
  A frilled lizard (D:1)
  A giant cockroach zombie (D:2)
  2 quokka skeletons (D:2)
  A quokka zombie (D:2)
  9 rats
82 creatures vanquished.

Notes
Turn   | Place    | Note
-------+----------+-------------------------------------------
     0 | D:1      | Zenkrye the Barachi Hexslinger began the quest for the Orb.
     0 | D:1      | Reached XP level 1. HP: 15/15 MP: 2/2
    55 | D:1      | Reached XP level 2. HP: 14/21 MP: 2/4
   881 | D:1      | Reached XP level 3. HP: 26/26 MP: 6/6
   933 | D:2      | Reached skill level 4 in Hexes
  1265 | D:2      | Reached XP level 4. HP: 23/32 MP: 5/8
  2093 | D:3      | Reached skill level 5 in Hexes
  2093 | D:3      | Reached XP level 5. HP: 37/37 MP: 9/9
  2602 | D:4      | Found a staircase to the Ecumenical Temple.
  2642 | Temple   | Entered the Ecumenical Temple
  2671 | D:4      | Noticed Sigmund
  3025 | D:4      | Reached skill level 1 in Axes
  3025 | D:4      | Reached XP level 6. HP: 27/44 MP: 10/10
  3269 | D:4      | Noticed Grinder
  3380 | D:5      | Entered Level 5 of the Dungeon
  3386 | D:5      | Noticed a water moccasin
  3396 | D:4      | Slain by a hound

Illustrated notes

Levels and vault maps discovered:
D:1:      minmay_arrival_checkered_box, layout_basic, minmay_surrounded
D:2:      layout_rooms, serial_undead, serial_undead_c, serial_undead_d,
          serial_undead_d, serial_undead_a, serial_undead_d, serial_undead_d
D:3:      layout_loops_ring
D:4:      layout_rooms, minmay_temple_entry_grid, uniq_sigmund, uniq_grinder
D:5:      gammafunk_cloud_chamber, layout_cave_pools, nicolae_shop_clearance,
          uniq_prince_ribbit1
Temple:   nicolae_temple_no_exploring_needed

Skill      XL: |  1  2  3  4  5  6 |
---------------+-------------------+-----
Spellcasting   | 2 3 |  3.0
Hexes          | 4 5 |  5.5
Axes           | 1 |  1.3
Fighting       | 2 |  2.2
Ranged Weapons | |  2.6
Dodging        | |  2.7

Action                     |  1- 3 |  4- 6 || total
---------------------------+-------+-------++-------
  Melee: Sling             |       |     1 ||     1
         War axe           |       |     6 ||     6
   Fire: Sling             |   135 |   207 ||   342
   Cast: Slow              |     3 |    13 ||    16
Ability: Hop               |       |     3 ||     3
    Use: Scroll            |     5 |     2 ||     7
         Potion            |     1 |       ||     1
 Armour: Fire dragon scale |    80 |   133 ||   213
  Dodge: Dodged            |    72 |   134 ||   206

Table legend: (Time is in decaauts)
 A = Elapsed time spent in this place.
 B = Non-inter-level travel time spent in this place.
 C = Inter-level travel time spent in this place.
 D = Time resting spent in this place.
 E = Time spent auto-exploring this place.
 F = Levels seen in this place.
 G = Mean time per level.
                   A        B        C        D        E       F      G
               +--------+--------+--------+--------+--------+-----+--------+
         Total |   4052 |   3589 |    463 |    351 |   2266 |   6 |  675.3 |
       Dungeon |   4027 |   3564 |    463 |    351 |   2243 |   5 |  805.4 |
        Temple |     24 |     24 |      0 |      0 |     23 |   1 |   24.0 |
               +--------+--------+--------+--------+--------+-----+--------+

Top non-repeatable levels by time:
     D:1: 1409 daAuts
     D:3: 1143 daAuts
     D:2: 855 daAuts
     D:4: 607 daAuts
  Temple: 24 daAuts
     D:5: 11 daAuts
